 Dungeon Crawl Stone Soup version 0.28.0-47-ge53b351184 (webtiles) character file.

Game seed: 16795765524021046414

25872 testaccount2 the Destroyer (level 12, -28/71 HPs)
             Began as a Deep Elf Hedge Wizard on May 9, 2022.
             Was an Elder of Vehumet.
             Hit by a silver javelin thrown by a minotaur (33 damage)
             ... in a Gauntlet on May 10, 2022.
             The game lasted 03:27:45 (23877 turns).

testaccount2 the Destroyer (Deep Elf Hedge Wizard) Turns: 23877, Time: 03:27:45

Health: -28/71     AC:  8    Str:  7    XL:     12   Next: 93%
Magic:  3/28       EV: 12    Int: 25    God:    Vehumet [****..]
Gold:   1153       SH:  7    Dex: 14    Spells: 3/32 levels left

rFire   + . .      SeeInvis .   b - staff of poison
rCold   . . .      Faith    +   g - +0 buckler
rNeg    . . .      Spirit   .   P - +2 robe {Archmagi}
rPois   +          Reflect  .   y - +0 hat {Will+}
rElec   .          Harm     .   Q - +0 cloak
rCorr   +          Rampage  .   C - +0 pair of gloves of the Unseen Realm {rF+}
Will    +++..      Archmagi +   G - +1 pair of boots {Stlth+}
Stlth   ++++...... Clarity  +   j - amulet of faith
HPRegen 0.21/turn  NoTele   +   s - ring of willpower
MPRegen 0.21/turn               O - ring of resist corrosion

@: very slightly contaminated
A: clarity, wild magic 1, no potion heal 1
a: Renounce Religion


You were in a Gauntlet.
You worshipped Vehumet.
Vehumet was greatly pleased with you.
You visited 3 branches of the dungeon, and saw 15 of its levels.
You also visited: Bailey, Gauntlet and Ice Cave.

You collected 1940 gold pieces.
You spent 787 gold pieces at shops.

Inventory:

Hand Weapons
 l - a +2 dagger of electrocution
Missiles
 a - 2 throwing nets
 n - 25 boomerangs (quivered)
 I - a curare-tipped dart
Armour
 g - a +0 buckler (worn)
 i - the +1 leather armour "Vokereko" {Harm rC+ Str-2 Dex+7}
   (You found it in an ice cave)

   Str:       It affects your strength (-2).
   Dex:       It affects your dexterity (+7).
   rC:        It protects you from cold.
   Harm:      It increases damage dealt and taken.
 k - a +1 tower shield of cold resistance
 m - the +2 ring mail of Onov {rC- MP+9 Dex+7 Slay+2}
   (You found it on level 4 of the Dungeon)

   Dex:       It affects your dexterity (+7).
   Slay:      It affects your accuracy & damage with ranged weapons and melee
   (+2).
   rC:        It makes you vulnerable to cold.
   MP:        It affects your magic capacity (+9).
 x - the +3 ring mail of Hide-and-Seek {Rampage rElec rN+}
   (You found it on level 6 of the Dungeon)

   rElec:     It insulates you from electricity.
   rN:        It protects you from negative energy.
   Rampage:   It bestows one free step when moving towards enemies.
 y - a +0 hat of willpower (worn)
 C - the +0 pair of gloves of the Unseen Realm (worn) {rF+}
   (You bought it in a shop on level 7 of the Dungeon)

   rF:        It protects you from fire.
 G - a +1 pair of boots of stealth (worn)
 J - a +1 robe of positive energy
 P - a +2 robe of the Archmagi (worn)
 Q - a +0 cloak (worn)
 R - a +2 pair of boots
Magical Staves
 b - a staff of poison (weapon)
Jewellery
 j - an amulet of faith (around neck)
 s - a ring of willpower (left hand)
 t - the ring "Ishritz" {Ice Int+3}
   (You found it in an ice cave)

   [ring of ice]

   It enhances your ice magic.
   Int:       It affects your intelligence (+3).
   rF:        It makes you vulnerable to fire.
   rC:        It protects you from cold.
 H - the ring "Wuyketam" {Will- AC+4 Str+10}
   (You found it in a Gauntlet)

   [ring of protection]

   AC:        It affects your AC (+4).
   Str:       It affects your strength (+10).
   Will:      It decreases your willpower.
 O - a ring of resist corrosion (right hand)
Wands
 d - a wand of digging (6)
 w - a wand of iceblast (1)
 A - a wand of flame (20)
 L - a wand of paralysis (1)
Scrolls
 p - a scroll of torment
 u - 2 scrolls of amnesia
 B - 2 scrolls of teleportation
 D - a scroll of vulnerability
 E - a scroll of magic mapping
 K - 2 scrolls of immolation
Potions
 c - a potion of magic
 e - 2 potions of attraction
 h - 3 potions of ambrosia
 o - 3 potions of mutation
 r - a potion of cancellation
 v - a potion of might
 z - a potion of lignification
 F - 6 potions of flight
 N - a potion of degeneration {unknown}
Miscellaneous
 q - a condenser vane


   Skills:
 * Level 6.4 Fighting
 - Level 0.1 Long Blades
 - Level 0.1(0.2) Axes
 - Level 0.1(0.2) Maces & Flails
 - Level 0.1(0.2) Polearms
 - Level 0.2(0.3) Staves
 - Level 0.1 Slings
 - Level 0.3 Bows
 - Level 0.1 Crossbows
 - Level 2.4 Dodging
 - Level 5.3 Stealth
 - Level 10.5 Shields
 * Level 10.5 Spellcasting
 - Level 11.0 Conjurations
 - Level 0.6 Hexes
 - Level 5.0 Summonings
 - Level 0.2 Necromancy
 - Level 3.0 Translocations
 - Level 0.1 Transmutations
 - Level 6.0 Fire Magic
 - Level 1.0 Ice Magic
 - Level 10.7 Air Magic
 - Level 0.1 Earth Magic
 - Level 2.0 Poison Magic
 - Level 0.1 Invocations
 + Level 2.8 Evocations


You had 3 spell levels left.
You knew the following spells:

 Your Spells              Type           Power      Damage    Failure   Level
a - Magic Dart            Conj           100%       1d8       1%          1
b - Blink                 Tloc           100%       N/A       4%          2
c - Conjure Flame         Conj/Fire      83%        6-21      1%          3
d - Static Discharge      Conj/Air       92%        N/A       1%          2
e - Sticky Flame          Conj/Fire      83%        2d9       1%          4
f - Mephitic Cloud        Conj/Pois/Air  100%       N/A       1%          3
g - Summon Lightning Spi  Summ/Air       80%        N/A       4%          4
h - Teleport Other        Tloc           53%        N/A       8%          3
i - Storm Form            Tmut/Air       34%        N/A       99%         7

Your spell library contained the following spells:

 Spells                   Type           Power      Damage    Failure   Level
 Airstrike                Air            46%        N/A       1%          4
 Call Imp                 Summ           65%        N/A       2%          2
 Ignite Poison            Fire/Tmut/Pois 67%        N/A       2%          3
 Slow                     Hex            100%       N/A       7%          1
 Gell's Gravitas          Tloc           53%        N/A       8%          3
 Lesser Beckoning         Tloc           53%        N/A       8%          3
 Iskenderun's Battlesphe  Conj           93%        2d14      1%          5
 Iron Shot                Conj/Erth      34%        9d7       28%         6
 Spellforged Servitor     Conj/Summ      40%        N/A       45%         7
 Dispel Undead            Necr           27%        3d13      54%         4
 Maxwell's Capacitive Co  Air            46%        ∞         75%         8


Dungeon Overview and Level Annotations

Branches:
Dungeon (12/15)            Temple (1/1) D:7            Lair (0/6) D:11
    Orc (2/2) D:11            Elf (0/3) Orc:2        Bailey (visited)
  IceCv (visited)         Gauntlet (1/1)

Altars:
Ashenzari
Cheibriados
Dithmenos
Elyvilon
Fedhas
Gozag
Hepliaklqana
Kikubaaqudgha
Makhleb
Nemelex Xobeh
Okawaru
Qazlal
Ru
Sif Muna
Trog
Uskayaw
Vehumet
Wu Jian
Xom
Yredelemnul
Zin
The Shining One

Shops:
D:5 :   D:7 *[!   Orc:2 ?

Portals:
Trove: D:11 (give 7 potions of haste)

Annotations:
D:9 3 runed translucent doors, Kaptain's ghost, novice GrEE Gauntlet 8 transporters


Innate Abilities, Weirdness & Mutations

You possess an exceptional clarity of mind.
Your spells are a little harder to cast, but a little more powerful.
Potions are less effective at restoring your health.


Message History

Confirm with . or Enter, or press ? or * to list all spells.
You feel a surge of power!
You miscast Summon Lightning Spire.
You are very lightly contaminated with residual magic.
Sparks of electricity dance around you.
Casting: Summon Lightning Spire (dangerous; 4% risk of failure)
Confirm with . or Enter, or press ? or * to list all spells.
You feel a surge of power!
An electric hum fills the air.
The minotaur throws a silver javelin.
The silver javelin pierces through your lightning spire but does no damage.
The silver javelin completely misses you.
Your system partially rejects the healing.
You feel better.
Your lightning spire shoots out a bolt of lightning at the minotaur!
The bolt of electricity hits the minotaur! x2
The minotaur throws a silver javelin.
The silver javelin pierces through your lightning spire!!
The silver javelin closely misses you.
The minotaur hits your lightning spire with a +2 morningstar of protection!!
Your lightning spire is destroyed!
Your lightning spire disappears in a puff of smoke!
Casting: Summon Lightning Spire (dangerous; 4% risk of failure)
Confirm with . or Enter, or press ? or * to list all spells.
You feel a surge of power!
You blink.
The minotaur throws a silver javelin.
The silver javelin pierces through you!!!
Ouch! That really hurt!
* * * LOW HITPOINT WARNING * * *
The silver sears you!
* * * LOW HITPOINT WARNING * * *
Okay, then.
Okay, then.
Casting: Blink (safe; 4% risk of failure)
Confirm with . or Enter, or press ? or * to list all spells.
Okay, then.
Casting: Blink (safe; 4% risk of failure)
Confirm with . or Enter, or press ? or * to list all spells.
You feel a surge of power!
The fire begins to smoulder!
The minotaur throws a silver javelin.
The silver javelin pierces through you!!
You die...

#############
#.H..@......#
#.##.######.#
##.#.... #.##
#..#.##.#
#..# #.###
.8# ##.# #.#
.# #.# #§# 8#
#.# ### # #.#
#.# #.#


You could see a minotaur.

Vanquished Creatures
  An azure jelly (IceCv)
  Josephine (D:10)
  A two-headed ogre (D:8)
  An orc knight (Bailey)
  Pikel (D:6)
  An oklob plant (D:11)
  A cyclops (D:8)
  4 slime creatures (IceCv)
  A manticore (D:11)
  Maggie (D:6)
  Psyche (D:8)
  A kobold demonologist (D:10)
  A troll (Orc:1)
  Sigmund (D:4)
  5 wraiths
  A wyvern (D:10)
  5 yaks (D:9)
  A steam dragon (D:8)
  3 vampire mosquitoes (D:7)
  A warg (Orc:2)
  Duvessa (D:5)
  A hell hound (Gauntlet)
  A water moccasin (D:7)
  A hornet zombie (D:7)
  A black bear (D:8)
  A sky beast (D:5)
  5 necrophages (D:7)
  5 ogres
  13 orc warriors
  An ugly thing simulacrum (IceCv)
  2 centaurs
  A lemure (D:6)
  Blork the orc (D:6)
  3 kobold brigands
  3 bullfrogs
  A glowing shapeshifter simulacrum (IceCv)
  A scorpion (D:6)
  A water moccasin skeleton (D:5)
  16 killer bees
  Dowan (D:5)
  9 wights
  2 howler monkeys (D:5)
  A bullfrog zombie (D:7)
  A hound (D:7)
  2 centaur zombies
  9 orc priests
  A bullfrog skeleton (D:5)
  2 jellies
  2 iguanas
  14 orc wizards
  2 killer bee zombies
  A hound skeleton (D:4)
  6 gnolls
  9 adders
  2 ufetubi
  An adder skeleton (D:4)
  6 worms
  5 dart slugs
  49 orcs
  6 bats
  9 endoplasms
  2 giant cockroaches
  10 goblins
  7 hobgoblins
  6 jackals
  31 kobolds
  4 quokkas
  7 ball pythons
  5 frilled lizards
  4 rats
308 creatures vanquished.

Vanquished Creatures (collateral kills)
  Gastronok (D:8)
  A quicksilver ooze (IceCv)
  An ice dragon (shapeshifter) (Gauntlet)
  A centaur warrior (D:10)
  A fire crab (shapeshifter) (Gauntlet)
  An oklob plant (D:11)
  Maurice (D:8)
  A gargoyle (D:11)
  A smoke demon (Gauntlet)
  A hellion (Gauntlet)
  3 entropy weaver simulacra (IceCv)
  A troll (Orc:1)
  15 slime creatures (IceCv)
  A yak (shapeshifter) (Gauntlet)
  2 acid dragons
  A warg (Orc:1)
  A hell hound (Gauntlet)
  11 orc warriors
  4 ugly thing simulacra (IceCv)
  An ogre (Orc:1)
  A centaur (D:11)
  2 nameless horrors
  A glowing shapeshifter simulacrum (IceCv)
  5 killer bees (D:11)
  An orc priest (D:11)
  4 orc wizards
  21 orcs
85 creatures vanquished.

Vanquished Creatures (others)
  An entropy weaver simulacrum (IceCv)
  4 fungi (Gauntlet)
  20 plants
  4 withered plants (D:7)
29 creatures vanquished.

Grand Total: 422 creatures vanquished

Notes
Turn   | Place    | Note
-------+----------+-------------------------------------------
     0 | D:1      | testaccount2 the Deep Elf Hedge Wizard began the quest for
                  | the Orb.
     0 | D:1      | Reached XP level 1. HP: 10/10 MP: 7/7
   364 | D:1      | Reached XP level 2. HP: 4/15 MP: 1/9
   671 | D:1      | Reached skill level 5 in Spellcasting
   831 | D:1      | Reached skill level 2 in Conjurations
  1513 | D:1      | Reached XP level 3. HP: 19/19 MP: 8/11
  1629 | D:1      | Reached skill level 3 in Conjurations
  1896 | D:2      | Found a white marble altar of Elyvilon.
  2068 | D:2      | Reached XP level 4. HP: 24/24 MP: 9/13
  2131 | D:2      | Reached skill level 4 in Conjurations
  2200 | D:2      | Learned a level 2 spell: Blink
  2204 | D:2      | Learned a level 3 spell: Conjure Flame
  2712 | D:3      | Found a hide-covered altar of Uskayaw.
  2887 | D:3      | Found a broken altar of Ashenzari.
  2991 | D:3      | Found a shimmering blue altar of Sif Muna.
  3550 | D:4      | Reached XP level 5. HP: 28/28 MP: 12/14
  3595 | D:4      | Reached skill level 5 in Conjurations
  3625 | D:4      | Reached skill level 1 in Fire Magic
  4239 | D:4      | Identified the +2 ring mail of Onov {rC- MP+9 Dex+7 Slay+2}
  4303 | D:4      | Noticed Sigmund
  4429 | D:5      | Entered Level 5 of the Dungeon
  4469 | D:5      | Learned a level 2 spell: Static Discharge
  4535 | D:5      | Noticed a wraith
  4576 | D:5      | Noticed a sky beast
  4917 | D:5      | Reached XP level 6. HP: 32/32 MP: 8/15
  4973 | D:5      | Noticed Duvessa
  5051 | D:5      | Identified a scroll of acquirement
  5052 | D:5      | Acquired a book of Power
  5328 | D:5      | Killed Duvessa
  5329 | D:5      | Reached skill level 6 in Conjurations
  5329 | D:5      | Reached XP level 7. HP: 36/36 MP: 0/16
  5329 | D:5      | Noticed Dowan
  5525 | D:5      | Found Kimoeluf's Book Emporium.
  5926 | D:6      | Found an ornate altar of the Wu Jian Council.
  5932 | D:6      | Noticed Pikel
  5997 | D:5      | Reached skill level 7 in Conjurations
  6002 | D:5      | Learned a level 4 spell: Sticky Flame
  6200 | D:5      | Killed Dowan
  6681 | D:5      | Learned a level 3 spell: Mephitic Cloud
  6764 | D:5      | Noticed Edmund
  6825 | D:4      | Noticed Edmund
  6825 | D:4      | Edmund changed into Edmund the worm
  6828 | D:4      | Killed Edmund the worm
  7059 | D:4      | Killed Sigmund
  7301 | D:4      | Reached skill level 1 in Air Magic
  8559 | D:6      | Reached skill level 1 in Shields
  8559 | D:6      | Reached skill level 1 in Poison Magic
  8559 | D:6      | Reached XP level 8. HP: 41/41 MP: 7/19
  8726 | D:6      | Identified the +3 ring mail of Hide-and-Seek {Rampage rElec
                  | rN+}
  9016 | D:6      | Noticed Maggie
  9186 | D:6      | Killed Maggie
  9187 | D:6      | Reached skill level 5 in Stealth
  9187 | D:6      | Reached skill level 8 in Conjurations
  9734 | D:6      | Killed Pikel
  9735 | D:6      | Reached skill level 9 in Conjurations
  9735 | D:6      | Reached XP level 9. HP: 21/45 MP: 4/21
 10129 | D:6      | Gained mutation: You possess an exceptional clarity of
                  | mind. [potion of mutation]
 10129 | D:6      | Gained mutation: Potions are less effective at restoring
                  | your health. [potion of mutation]
 10129 | D:6      | Gained mutation: Your spells are a little harder to cast,
                  | but a little more powerful. [potion of mutation]
 10155 | D:6      | Noticed Blork the orc
 10167 | D:6      | Killed Blork the orc
 10565 | D:7      | Found a sacrificial altar of Ru.
 10656 | D:7      | Found Foaliagyz's Armour Shoppe.
 10660 | D:7      | Bought the +0 pair of gloves of the Unseen Realm {rF+} for
                  | 222 gold pieces
 10718 | D:7      | Found a hazy altar of Hepliaklqana.
 10750 | D:7      | Reached skill level 5 in Shields
 10758 | D:7      | Reached skill level 10 in Conjurations
 11008 | D:7      | Reached skill level 5 in Fire Magic
 11128 | D:7      | Found Egusy's General Store.
 11245 | D:7      | Bought a scroll of fog for 24 gold pieces
 11663 | D:7      | Found a staircase to the Ecumenical Temple.
 11673 | Temple   | Entered the Ecumenical Temple
 11787 | D:7      | Found Navaarang's Distillery.
 12265 | D:8      | Noticed Maurice
 12347 | D:8      | Reached XP level 10. HP: 14/50 MP: 11/22
 12677 | D:8      | Found a flagged portal.
 12734 | Bailey   | Entered a bailey
 13028 | Bailey   | Noticed an orc knight
 13036 | Bailey   | Killed an orc knight
 13567 | D:8      | Noticed Psyche
 13574 | D:8      | Killed Psyche
 13794 | D:8      | Noticed a cyclops
 13800 | D:8      | Noticed a two-headed ogre
 14129 | D:8      | Noticed Gastronok
 14265 | D:8      | Killed a cyclops
 14875 | D:8      | Found a radiant altar of Vehumet.
 14878 | D:8      | Became a worshipper of Vehumet
 15011 | D:8      | Killed a two-headed ogre
 15012 | D:8      | Reached skill level 11 in Conjurations
 15190 | D:9      | Found a runed translucent gate.
 15190 | D:9      | Found a runed translucent gate.
 15190 | D:9      | Found a runed translucent gate.
 15661 | D:9      | Reached skill level 10 in Shields
 15666 | D:9      | Reached XP level 11. HP: 45/54 MP: 9/26
 15811 | D:9      | Noticed Kaptain's ghost (novice GrEE)
 15829 | D:9      | Reached * piety under Vehumet
 15829 | D:9      | Offered knowledge of Sandblast by Vehumet.
 15833 | D:9      | Reached skill level 5 in Air Magic
 15838 | D:9      | Learned a level 4 spell: Summon Lightning Spire
 15902 | D:9      | Learned a level 3 spell: Teleport Other
 16365 | D:10     | Entered Level 10 of the Dungeon
 16836 | D:7      | Bought a +0 cloak for 54 gold pieces
 16836 | D:7      | Bought a +0 pair of boots for 54 gold pieces
 17216 | D:10     | Noticed Josephine
 17562 | D:10     | Killed Josephine
 17573 | D:10     | Noticed a centaur warrior
 17849 | D:10     | You fall into a shaft and drop 2 floors!
 18066 | D:11     | Found a staircase to the Orcish Mines.
 18120 | D:11     | Found a frozen archway.
 18132 | IceCv    | Entered an ice cave
 18239 | IceCv    | Offered knowledge of Shock by Vehumet.
 18279 | IceCv    | Reached ** piety under Vehumet
 18597 | IceCv    | Reached skill level 5 in Summonings
 19024 | IceCv    | Identified the +1 leather armour "Vokereko" {Harm rC+ Str-2
                  | Dex+7}
 19352 | IceCv    | Reached skill level 10 in Air Magic
 19583 | IceCv    | Reached XP level 12. HP: 59/59 MP: 23/27
 19839 | IceCv    | Noticed a quicksilver ooze
 19843 | IceCv    | Killed a quicksilver ooze
 19843 | IceCv    | Offered knowledge of Scorch by Vehumet.
 19852 | IceCv    | Learned a level 7 spell: Storm Form
 19863 | IceCv    | Found a viscous altar of Jiyva.
 19863 | IceCv    | Noticed an azure jelly
 19931 | IceCv    | Killed an azure jelly
 20000 | IceCv    | Got the ring "Ishritz" {Ice Int+3}
 20232 | D:8      | Killed Maurice
 20254 | D:8      | Killed Gastronok
 20255 | D:8      | Reached skill level 1 in Ice Magic
 20508 | D:10     | Killed a centaur warrior
 20658 | D:11     | Reached skill level 1 in Evocations
 21131 | D:7      | Bought a potion of magic for 120 gold pieces
 21131 | D:7      | Bought a potion of lignification for 45 gold pieces
 21131 | D:7      | Bought a potion of curing for 45 gold pieces
 21131 | D:7      | Bought a potion of curing for 45 gold pieces
 21131 | D:7      | Bought a potion of curing for 45 gold pieces
 21367 | D:11     | Found a staircase to the Lair.
 21803 | D:11     | Found a portal to a secret trove of treasure.
 21831 | D:11     | Reached skill level 5 in Fighting
 21833 | D:11     | Reached *** piety under Vehumet
 21841 | D:11     | Offered knowledge of Stone Arrow by Vehumet.
 22176 | Orc:1    | Entered Level 1 of the Orcish Mines
 22194 | Orc:1    | Reached **** piety under Vehumet
 22558 | Orc:1    | Offered knowledge of Airstrike by Vehumet.
 22992 | Orc:2    | Entered Level 2 of the Orcish Mines
 23124 | Orc:2    | Found a staircase to the Elven Halls.
 23126 | Orc:2    | Found Aniczi Link's Magic Scroll Emporium.
 23151 | Orc:2    | Bought a scroll of teleportation for 42 gold pieces
 23151 | Orc:2    | Bought a scroll of teleportation for 42 gold pieces
 23151 | Orc:2    | Bought a scroll of magic mapping for 49 gold pieces
 23162 | Orc:2    | Found a gate leading to a gauntlet.
 23213 | Gauntlet | Entered a Gauntlet
 23213 | Gauntlet | Found a transporter.
 23213 | Gauntlet | Found a transporter.
 23266 | Gauntlet | Found a transporter.
 23278 | Gauntlet | Found a transporter.
 23293 | Gauntlet | Found a transporter.
 23308 | Gauntlet | Found a transporter.
 23318 | Gauntlet | Found a transporter.
 23327 | Gauntlet | Found a transporter.
 23338 | Gauntlet | Found a transporter.
 23355 | Gauntlet | Found a transporter.
 23359 | Gauntlet | Found a transporter.
 23401 | Gauntlet | Found a transporter.
 23536 | Gauntlet | Reached skill level 10 in Spellcasting
 23605 | Gauntlet | Noticed a spark wasp
 23605 | Gauntlet | a lindwurm changed into a spark wasp
 23610 | Gauntlet | Identified the ring "Wuyketam" {Will- AC+4 Str+10}
 23622 | Gauntlet | Noticed an ice dragon
 23622 | Gauntlet | a swamp dragon changed into an ice dragon
 23626 | Gauntlet | Killed an ice dragon
 23830 | Gauntlet | Noticed a minotaur
 23877 | Gauntlet | Hit by a silver javelin thrown by a minotaur

Illustrated notes

Levels and vault maps discovered:
D:1:      saegor_arrival_fortress, layout_basic
D:2:      layout_rooms, basic_altar, minmay_three_crescents
D:3:      layout_rooms, evilmike_ruin_ashenzari, amcnicky_altar_gilded,
          nicolae_sif_muna_condensation, serial_curves, eino_curves_03,
          eino_curves_03
D:4:      layout_basic, minmay_misc_feat_chi, minmay_manual_monolith,
          uniq_sigmund
D:5:      layout_basic, serial_shops, shop, uniq_edmund, uniq_duvessa
D:6:      layout_gridville, mainiacjoe_overflow_alcove_4, uniq_pikel,
          uniq_blork_the_orc, uniq_maggie
D:7:      layout_basic, nzn_hepliaklqana_mist_gate,
          nicolae_ru_sacrificial_ziggurat, minmay_temple_entry_gardened_gates,
          serial_shops, nicolae_inconvenience_store, nicolae_stop_n_shop_2,
          shop, serial_undead, serial_undead_e, serial_undead_f,
          serial_undead_b, serial_undead_d
D:8:      layout_loops_ring, kennysheep_mini, enter_bailey_3, uniq_psyche,
          uniq_maurice, uniq_gastronok
D:9:      layout_loops_ring, gammafunk_ghost_icy, corner_web_ring
D:10:     layout_rooms, uniq_josephine
D:11:     layout_roguey [special_room_orc], dpeg_oklobed_lair, orc_david_3,
          nicolae_trove_entry_isolated, portal_ice_cave_entry_pillars_1
D:12:     cheibrodos_quadrivalence, layout_rooms
Temple:   eino_wide_crystal_templ
Orc:1:    layout_caves, nicolae_orc_rockfall
Orc:2:    st_orc_congregation, layout_caves, gauntlet_entry_generic,
          serial_shops, nicolae_shop_advertising_works
          [nicolae_subvault_shop_adworks], mines4_lemuel
Gauntlet: gammafunk_gauntlet_shortcut [nicolae_gauntlet_arena_blocks,
          gammafunk_gauntlet_arena_arrow_garden,
          gammafunk_gauntlet_arena_split_x, nicolae_gauntlet_swirl,
          nicolae_gauntlet_arena_grate_2, gammafunk_gauntlet_arena_spirals,
          dreamdust_gauntlet_exit_labyrinth]

Skill      XL: |  1  2  3  4  5  6  7  8  9 10 11 12 |
---------------+-------------------------------------+-----
Spellcasting   | 5 6 7 9 10 | 10.5
Conjurations   | 2 3 4 5 6 7 9 10 11 | 11.0
Fire Magic     | 3 4 6 |  6.0
Translocations | 2 3 |  3.0
Stealth        | 3 5 |  5.3
Air Magic      | 1 2 4 10 | 10.7
Shields        | 1 4 8 10 | 10.5
Poison Magic   | 1 2 |  2.0
Summonings     | 2 5 |  5.0
Fighting       | 6 |  6.4
Ice Magic      | 1 |  1.0
Evocations     | 2 |  2.8
Long Blades    | |  0.1
Axes           | |  0.1
Maces & Flails | |  0.1
Polearms       | |  0.1
Staves         | |  0.2
Slings         | |  0.1
Bows           | |  0.3
Crossbows      | |  0.1
Dodging        | |  2.4
Hexes          | |  0.6
Necromancy     | |  0.2
Transmutations | |  0.1
Earth Magic    | |  0.1
Invocations    | |  0.1

Action                   |  1- 3 |  4- 6 |  7- 9 | 10-12 || total
-------------------------+-------+-------+-------+-------++-------
Melee: Dagger            |    14 |       |       |       ||    14
       Staff             |       |       |    10 |    28 ||    38
Throw: Boomerang         |       |       |     3 |       ||     3
 Cast: Magic Dart        |    96 |   145 |   289 |   215 ||   745
       Conjure Flame     |       |     4 |    21 |    11 ||    36
       Blink             |       |     2 |     6 |    10 ||    18
       Static Discharge  |       |       |    39 |    79 ||   118
       Sticky Flame      |       |       |    16 |    22 ||    38
       Mephitic Cloud    |       |       |    15 |    37 ||    52
       Summon Lightning  |       |       |       |    90 ||    90
       Teleport Other    |       |       |       |     1 ||     1
Evoke: Wand              |       |       |     4 |    24 ||    28
  Use: Scroll            |       |     4 |     9 |    15 ||    28
       Potion            |       |       |     2 |    10 ||    12
 Stab: Confused          |       |       |       |     3 ||     3
Armor: Robe              |     5 |     1 |    10 |    23 ||    39
Dodge: Dodged            |    11 |    10 |    59 |    76 ||   156
Block: Buckler           |       |       |    12 |    46 ||    58
